 Dungeon Crawl Stone Soup version 0.27.1 (webtiles) character file.

Game seed: 9685919347050618208

49 r3algoood the Gusty (level 3, 0/26 HPs)
             Began as a Demigod Air Elementalist on Aug 31, 2021.
             Slain by a goblin (2 damage)
             ... on level 4 of the Dungeon.
             The game lasted 00:03:34 (2076 turns).

r3algoood the Gusty (Demigod Air Elementalist)      Turns: 2076, Time: 00:03:35

Health: 0/26       AC:  2    Str:  9    XL:     3   Next: 33%
Magic:  1/9        EV: 12    Int: 21    God:
Gold:   36         SH:  0    Dex: 14    Spells: 5/6 levels left

rFire    . . .     SeeInvis .   (no weapon)
rCold    . . .     Faith    .   (no shield)
rNeg     . . .     Spirit   .   a - +0 robe
rPois    .         Reflect  .   (no helmet)
rElec    .         Harm     .   (no cloak)
rCorr    +         Rampage  .   (no gloves)
Will     .....                  (no boots)
Stlth    ++........             (no amulet)
HPRegen  0.08/turn              f - ring of resist corrosion
MPRegen  0.11/turn              (no ring)

@: lethally poisoned (0 -> -11)
A: high mp 1, forlorn
a: no special abilities


You were on level 4 of the Dungeon.
You visited 1 branch of the dungeon, and saw 3 of its levels.

You collected 36 gold pieces.

Inventory:

Armour
 a - a +0 robe (worn)
Jewellery
 f - a ring of resist corrosion (left hand)
Scrolls
 c - a scroll of blinking {unknown}
 h - a scroll of identify {unknown}
Potions
 b - a potion of flight {unknown}
 d - 2 potions of might {unknown}
 e - 2 potions of lignification {unknown}
 g - a potion of brilliance {unknown}


   Skills:
 + Level 2.0 Dodging
 + Level 2.0 Stealth
 + Level 2.2 Spellcasting
 + Level 1.3 Conjurations
 + Level 3.3 Air Magic


You had 5 spell levels left.
You knew the following spells:

 Your Spells              Type           Power      Damage    Failure   Level
a - Shock                 Conj/Air       48%        1d6       5%          1

Your spell library contained the following spells:

 Spells                   Type           Power      Damage    Failure   Level
 Static Discharge         Conj/Air       12%        N/A       9%          2
 Corpse Rot               Necr/Air       N/A        N/A       11%         2
 Swiftness                Air            16%        N/A       11%         3
 Airstrike                Air            8%         N/A       34%         4
 Dispel Undead            Necr           2%         3d7       82%         4
 Death Channel            Necr           1%         N/A       100%        6


Dungeon Overview and Level Annotations

Branches:
Dungeon (2/15)


Innate Abilities, Weirdness & Mutations

Your attributes grow dramatically as you level up.
You have an increased reservoir of magic. (+10% MP)
You shall have no god before yourself.


Message History

The scorpion stings you.
You hit the scorpion but do no damage.
The scorpion is severely wounded.
The scorpion stings you.
You hit the scorpion but do no damage.
The scorpion is severely wounded.
The scorpion stings you. The scorpion closely misses you.
You completely miss the scorpion.
The scorpion is severely wounded.
The scorpion stings you.
Your magical contamination has completely faded away.
Casting: Shock (safe; 5% risk of failure)
Confirm with . or Enter, or press ? or * to list all spells.
Aiming: Shock (safe; 5% risk of failure)
Press: ? - help, Shift-Dir - straight line, f/p - scorpion
Aim: a scorpion (severely wounded, 68% to hit)
The zap misses the scorpion.
The goblin barely misses you.
The scorpion stings you but does no damage.
Casting: Shock (safe; 5% risk of failure)
Confirm with . or Enter, or press ? or * to list all spells.
Aiming: Shock (safe; 5% risk of failure)
Press: ? - help, Shift-Dir - straight line, f/p - scorpion
Aim: a scorpion (severely wounded, 68% to hit)
The zap misses the scorpion.
The goblin hits you with a +0 dagger.
* * * LOW HITPOINT WARNING * * *
The scorpion stings you.
* * * LOW HITPOINT WARNING * * *
You are lethally poisoned!
The scorpion poisons you!
Casting: Shock (safe; 5% risk of failure)
Confirm with . or Enter, or press ? or * to list all spells.
Aiming: Shock (safe; 5% risk of failure)
Press: ? - help, Shift-Dir - straight line, f/p - scorpion
Aim: a scorpion (severely wounded, 68% to hit)
The zap hits the scorpion.
You kill the scorpion!
* * * LOW HITPOINT WARNING * * *
You feel very sick. The goblin hits you with a +0 dagger.
You die...

..........≈.≈≈≈
.........P.≈≈≈≈
.........♣≈.≈.≈
..........≈..≈≈
............≈..
............PP.
........g......
#.@..# ######


You could see a goblin.

Vanquished Creatures
  A scorpion (D:4)
  An adder (D:2)
  A dart slug (D:2)
  An orc (D:2)
  3 ball pythons
  4 bats
  4 endoplasms (D:1)
  2 giant cockroaches (D:2)
  4 goblins (D:1)
  2 hobgoblins (D:1)
  A quokka (D:1)
  3 frilled lizards (D:1)
  4 kobolds
  4 rats
35 creatures vanquished.

Notes
Turn   | Place    | Note
-------+----------+-------------------------------------------
     0 | D:1      | r3algoood the Demigod Air Elementalist began the quest for
                  | the Orb.
     0 | D:1      | Reached XP level 1. HP: 14/14 MP: 5/5
   120 | D:1      | Reached skill level 3 in Air Magic
   514 | D:1      | Reached skill level 1 in Conjurations
   592 | D:1      | Reached XP level 2. HP: 20/20 MP: 1/7
  1580 | D:2      | Reached XP level 3. HP: 26/26 MP: 4/8
  2064 | D:2      | You fall into a shaft and drop 2 floors!
  2064 | D:4      | Noticed a scorpion
  2076 | D:4      | Killed a scorpion
  2076 | D:4      | Slain by a goblin

Illustrated notes

Levels and vault maps discovered:
D:1:      minmay_arrival_solitary_statue, layout_loops_ring,
          chequers_serial_rivers_micro_b
D:2:      layout_basic, hellmonk_ecumenical_altar_run_dry
D:4:      layout_gridville, mainiacjoe_overflow_divided_tiny,
          nicolae_gozag_seed_capital, serial_bayou, serial_bayou_pond_c,
          serial_bayou_pond_d, serial_bayou_pond_b, serial_bayou_pond_a,
          mrwooster_statue_mirror, uniq_ijyb

Skill      XL: |  1  2 |
---------------+-------+-----
Air Magic      | 3 |  3.3
Conjurations   | 1 |  1.3
Dodging        | 2 |  2.0
Stealth        | 2 |  2.0
Spellcasting   | 2 |  2.2

Action                   || total
-------------------------++-------
Melee: Unarmed           ||    15
 Cast: Shock             ||    75
Armor: Robe              ||     6
Dodge: Dodged            ||    23
